[Event "47th GRE-chT 2019"]
[Site "Patra"]
[Date "2019.07.04"]
[Round "4.30"]
[White "Christodoulakis, Michail"]
[Black "Karamichos, Michail"]
[Result "1/2-1/2"]
[ECO "B13"]
[WhiteElo "1224"]
[BlackElo "1559"]
[Annotator "NA"]
[PlyCount "94"]
[EventDate "2019.07.02"]
[EventCountry "GRE"]
[SourceTitle "playchess.com"]
[Source "ChessBase"]
[SourceQuality "1"]
[TimeControl "5400+30"]

1. e4 c6 2. d4 d5 3. exd5 cxd5 4. Nf3 Nc6 5. Bf4 Bg4 6. Nbd2 e6 7. c3 Nf6 8. Qb3 Qc8 9. Bd3 Be7 10. O-O O-O 11. Qc2 Bh5 12. Bg5 Bg6 13. Ne5 Nxd4 14. Nxg6 Nxc2 15. Nxe7+ Kh8 16. Nxc8 Nxa1 17. Nd6 a6 18. Bxf6 gxf6 19. Rxa1 b6 20. Re1 Kg7 21. c4 Rfd8 22. c5 bxc5 23. Nb7 Rdb8 24. Nxc5 Rxb2 25. Ndb3 Rxa2 26. Ra1 Rxa1+ 27. Nxa1 Rc8 28. Nab3 a5 29. Kf1 e5 30. f3 h6 31. Ke2 Kf8 32. Na4 Rb8 33. Bc2 Rb5 34. Nc3 Rb8 35. Nxd5 a4 36. Nxf6 Ke7 37. Nc5 Rb2 38. Kd3 a3 39. Kc3 Kxf6 40. Nb3 Kg5 41. g3 f5 42. h4+ Kf6 43. Na1 Rb7 44. g4 e4 45. g5+ hxg5 46. hxg5+ Kxg5 47. fxe4 f4 1/2-1/2

[Event "47th GRE-chT 2019"]
[Site "Patra"]
[Date "2019.07.04"]
[Round "4.31"]
[White "David, Alberto"]
[Black "Nedev, Trajko"]
[Result "1/2-1/2"]
[ECO "B31"]
[WhiteElo "2553"]
[BlackElo "2495"]
[Annotator "ChessBase"]
[PlyCount "134"]
[EventDate "2019.07.02"]
[EventCountry "GRE"]
[SourceTitle "playchess.com"]
[Source "ChessBase"]
[SourceQuality "1"]
[TimeControl "5400+30"]

1. e4 c5 2. Nf3 Nc6 3. Bb5 g6 4. Bxc6 dxc6 5. d3 Bg7 6. h3 Nf6 7. Nc3 Nd7 8. Be3 e5 9. Qd2 h6 10. O-O b6 11. Nh2 Nf8 12. f4 exf4 13. Rxf4 Be6 14. Raf1 g5 15. R4f2 Qc7 16. b3 O-O-O 17. a4 a5 18. Ne2 Ng6 19. Qe1 Rhg8 20. Kh1 Bh8 21. Rg1 Nh4 22. g3 Ng6 23. g4 Nh4 24. Qf1 Be5 25. Nf3 Nxf3 26. Rxf3 h5 27. gxh5 f6 28. Qf2 Qh7 29. Ng3 Bxh3 30. Rxf6 Bxf6 31. Qxf6 Kb7 32. Bxg5 Rdf8 33. Qe7+ Qxe7 34. Bxe7 Rf2 35. Nf5 Bg2+ 36. Rxg2 Rgxg2 37. Bd6 Rg5 38. h6 Rfxf5 39. exf5 Rxf5 40. Kg2 Rf6 41. h7 Rh6 42. Kf3 Rxh7 43. Ke2 Rh6 44. Bf4 Rf6 45. Bd2 Rg6 46. Be3 Rg2+ 47. Kd1 Kc8 48. Kc1 Kd7 49. c4 Ke6 50. Bd2 Ke5 51. Bc3+ Kf4 52. d4 cxd4 53. Bxd4 c5 54. Bh8 Ke3 55. Be5 Kd3 56. Bh8 Rg8 57. Be5 Re8 58. Bf6 Re6 59. Bg7 b5 60. axb5 a4 61. bxa4 Kxc4 62. Bf8 Rf6 63. Be7 Rf7 64. Bd6 Rf6 65. Bc7 Rf1+ 66. Kd2 Ra1 67. b6 Rxa4 1/2-1/2

[Event "47th GRE-chT 2019"]
[Site "Patra"]
[Date "2019.07.04"]
[Round "4.32"]
[White "Galopoulos, Nikolaos"]
[Black "Theodorou, Nikolas"]
[Result "1/2-1/2"]
[ECO "A49"]
[WhiteElo "2361"]
[BlackElo "2543"]
[Annotator "ChessBase"]
[PlyCount "120"]
[EventDate "2019.07.02"]
[EventCountry "GRE"]
[SourceTitle "playchess.com"]
[Source "ChessBase"]
[SourceQuality "1"]
[TimeControl "5400+30"]

1. d4 Nf6 2. Nf3 g6 3. g3 Bg7 4. Bg2 O-O 5. O-O d6 6. b3 b5 7. Nfd2 c6 8. c4 a6 9. Bb2 Bb7 10. Nc3 Qb6 11. Qc2 Nbd7 12. Rfd1 Rfe8 13. a4 b4 14. Nce4 c5 15. Nxf6+ Nxf6 16. Bxb7 Qxb7 17. d5 e5 18. e4 Qd7 19. Nf1 Ng4 20. f3 Nh6 21. Bc1 f5 22. Bxh6 Bxh6 23. Qe2 Rf8 24. Nd2 Rf7 25. Rf1 Raf8 26. Kg2 Rf6 27. Rae1 Qg7 28. Nb1 Qf7 29. Rd1 Re8 30. Rde1 Rf8 31. Rd1 Kh8 32. Rde1 Qg7 33. Nd2 R6f7 34. Nb1 Bg5 35. Nd2 h5 36. Rd1 Bh6 37. Rde1 Kg8 38. Qd3 Bxd2 39. Qxd2 f4 40. h3 fxg3 41. Qg5 Rf4 42. Kxg3 Kh7 43. Rf2 Qh6 44. h4 Qg7 45. Rg1 Qf7 46. Rgf1 Qf6 47. Kh3 Kg7 48. Kg3 Rf7 49. Kh3 Qe7 50. Kg3 R7f6 51. Kh3 Kh7 52. Kg3 Qf7 53. Kg2 Qf8 54. Kg3 Rf7 55. Kg2 Qe7 56. Kg3 Kg7 57. Kh3 Qf6 58. Kg3 Rf8 59. Kh3 Rh8 60. Kg3 Rf8 1/2-1/2

[Event "47th GRE-chT 2019"]
[Site "Patra"]
[Date "2019.07.04"]
[Round "4.33"]
[White "Naoum, Spyridon"]
[Black "Lagopatis, Nikolaos"]
[Result "0-1"]
[ECO "A41"]
[WhiteElo "2299"]
[BlackElo "2115"]
[Annotator "ChessBase"]
[PlyCount "172"]
[EventDate "2019.07.02"]
[EventCountry "GRE"]
[SourceTitle "playchess.com"]
[Source "ChessBase"]
[SourceQuality "1"]
[TimeControl "5400+30"]

1. d4 d6 2. c4 e5 3. d5 f5 4. e4 fxe4 5. Nc3 Nf6 6. Nge2 Be7 7. Ng3 O-O 8. Be2 Nbd7 9. Be3 a5 10. O-O b6 11. a3 Nc5 12. b4 axb4 13. axb4 Rxa1 14. Qxa1 Nd3 15. Bxd3 exd3 16. Qd1 Ng4 17. Qxd3 Bg5 18. h3 Bxe3 19. fxe3 Rxf1+ 20. Nxf1 Nf6 21. Qc2 Bd7 22. Qa2 Bf5 23. Qa4 h6 24. Qc6 Bd7 25. Qb7 Ne8 26. Ne4 Bf5 27. Neg3 Bg6 28. e4 Qg5 29. Qc8 Kf8 30. Nf5 Bxf5 31. Qxf5+ Qxf5 32. exf5 Ke7 33. Kf2 Kf6 34. Ne3 e4 35. g4 Ke5 36. Kg3 Nf6 37. b5 Kd4 38. Kf4 Nd7 39. h4 Ne5 40. Nc2+ Kd3 41. Ne1+ Kxc4 42. h5 Kxd5 43. Nc2 Nd3+ 44. Ke3 Ne5 45. Kf4 Nf7 46. Ke3 Ke5 47. Nd4 d5 48. Ne6 Nd6 49. Nxg7 d4+ 50. Kd2 Nc4+ 51. Ke1 Kf6 52. Ne6 Ne5 53. Nxc7 Nxg4 54. Nd5+ Kxf5 55. Nxb6 Ne5 56. Nc8 Ke6 57. b6 Kd7 58. b7 Nc6 59. Nb6+ Kc7 60. Nd5+ Kxb7 61. Nf6 Ne5 62. Nxe4 Kc6 63. Nf6 Kc5 64. Ng8 Ng4 65. Kd2 Kc4 66. Ne7 Nf6 67. Nf5 Ne4+ 68. Kd1 d3 69. Ne3+ Kd4 70. Ng2 Kc3 71. Ne3 Kd4 72. Nf5+ Kc3 73. Ne3 d2 74. Nd5+ Kd4 75. Nf4 Ke3 76. Nd5+ Kf3 77. Ne7 Kg4 78. Nd5 Kxh5 79. Ke2 Kg5 80. Ne3 h5 81. Nd1 Kf4 82. Kf1 Kf3 83. Kg1 Ke2 84. Nb2 d1=Q+ 85. Nxd1 Kxd1 86. Kg2 Ke2 0-1

[Event "47th GRE-chT 2019"]
[Site "Patra"]
[Date "2019.07.04"]
[Round "4.34"]
[White "Sotiropoulos, Anastasios-Theohar"]
[Black "Liodakis, Konstantinos-Spyros"]
[Result "0-1"]
[ECO "E60"]
[WhiteElo "1919"]
[BlackElo "2212"]
[Annotator "NA"]
[PlyCount "78"]
[EventDate "2019.07.02"]
[EventCountry "GRE"]
[SourceTitle "playchess.com"]
[Source "ChessBase"]
[SourceQuality "1"]
[TimeControl "5400+30"]

1. Nf3 Nf6 2. g3 g6 3. b3 Bg7 4. Bb2 O-O 5. Bg2 c5 6. c4 Nc6 7. d4 d6 8. O-O Bf5 9. d5 Na5 10. Nc3 a6 11. Nd2 Bd7 12. e4 b5 13. h3 bxc4 14. bxc4 Rb8 15. Rb1 Rb4 16. Qe2 Qc7 17. Ba1 Rfb8 18. a3 Rxb1 19. Rxb1 Nh5 20. Qd1 Rxb1 21. Qxb1 Qb7 22. Qxb7 Nxb7 23. Bf1 Na5 24. Kg2 Bd4 25. Bb2 e5 26. Bd3 f5 27. exf5 gxf5 28. Bc2 Nf6 29. Ba4 e4 30. Bc2 h5 31. Nd1 h4 32. Bc3 Bxc3 33. Nxc3 hxg3 34. Kxg3 Nh5+ 35. Kh2 Nf4 36. Kg3 Ng6 37. Nd1 Kg7 38. Kg2 Kf6 39. f3 Ke5 0-1

[Event "47th GRE-chT 2019"]
[Site "Patra"]
[Date "2019.07.04"]
[Round "4.35"]
[White "Antova, Gabriela"]
[Black "Kantane, Anna"]
[Result "1/2-1/2"]
[ECO "D76"]
[WhiteElo "2257"]
[BlackElo "2288"]
[Annotator "NA"]
[PlyCount "62"]
[EventDate "2019.07.02"]
[EventCountry "GRE"]
[SourceTitle "playchess.com"]
[Source "ChessBase"]
[SourceQuality "1"]
[TimeControl "5400+30"]

1. d4 Nf6 2. c4 g6 3. Nf3 Bg7 4. g3 O-O 5. Bg2 d5 6. cxd5 Nxd5 7. O-O Nb6 8. Nc3 Nc6 9. d5 Na5 10. e4 c6 11. Bf4 Nac4 12. Qb3 cxd5 13. Nxd5 Nxd5 14. exd5 Nxb2 15. Be5 Qb6 16. Bxg7 Qxb3 17. axb3 Kxg7 18. Rfe1 Nd3 19. Rxe7 Rd8 20. Rd1 Rxd5 21. Re8 Nb4 22. Rxd5 Nxd5 23. Nd4 Nc7 24. Re7 Ne6 25. Nxe6+ Bxe6 26. Rxb7 Rc8 27. h4 a5 28. Rb5 Rc3 29. Rxa5 Rxb3 30. Bd5 Bxd5 31. Rxd5 h5 1/2-1/2

[Event "47th GRE-chT 2019"]
[Site "Patra"]
[Date "2019.07.04"]
[Round "4.36"]
[White "Mastrakouli, Evagelia"]
[Black "Vozinaki, Anthi - Maria"]
[Result "0-1"]
[ECO "B13"]
[WhiteElo "1788"]
[BlackElo "2054"]
[Annotator "NA"]
[PlyCount "62"]
[EventDate "2019.07.02"]
[EventCountry "GRE"]
[SourceTitle "playchess.com"]
[Source "ChessBase"]
[SourceQuality "1"]
[TimeControl "5400+30"]

1. d4 Nf6 2. c4 c5 3. e3 cxd4 4. exd4 d5 5. c5 Nc6 6. Nf3 Bg4 7. Be2 e6 8. O-O Be7 9. h3 Bxf3 10. Bxf3 O-O 11. Bf4 b6 12. Qa4 Rc8 13. Be2 bxc5 14. dxc5 e5 15. Ba6 exf4 16. Bxc8 Qxc8 17. Nd2 Qd7 18. b4 Ne4 19. Nf3 Nc3 20. Qb3 Bf6 21. Kh1 Rb8 22. Rac1 Rxb4 23. Rxc3 Rxb3 24. Rxb3 g5 25. Rfb1 h5 26. Rb7 Qf5 27. R1b3 g4 28. hxg4 hxg4 29. Ne1 Nd4 30. Ra3 Ne2 31. g3 Qh5+ 0-1

[Event "47th GRE-chT 2019"]
[Site "Patra"]
[Date "2019.07.04"]
[Round "4.37"]
[White "Karavitaki, Evaggelia"]
[Black "Giannoulaki, Ermofili"]
[Result "1-0"]
[ECO "B01"]
[WhiteElo "1681"]
[BlackElo "1269"]
[Annotator "NA"]
[PlyCount "65"]
[EventDate "2019.07.02"]
[EventCountry "GRE"]
[SourceTitle "playchess.com"]
[Source "ChessBase"]
[SourceQuality "1"]
[TimeControl "5400+30"]

1. e4 d5 2. exd5 Qxd5 3. Nf3 Bg4 4. Be2 Nc6 5. O-O O-O-O 6. h3 Bf5 7. Nc3 Qd6 8. d3 h6 9. a3 g5 10. b4 Nf6 11. b5 Nd4 12. Nxd4 Qxd4 13. Bd2 Qh4 14. f4 g4 15. hxg4 Bxg4 16. Qe1 Qh5 17. Bxg4+ Nxg4 18. Qg3 e6 19. Ne2 Bc5+ 20. d4 Bxd4+ 21. Nxd4 Rhg8 22. Bc3 c5 23. bxc6 bxc6 24. Rab1 Qc5 25. Kh1 Ne5 26. Qh3 Nc4 27. Nb3 Qe7 28. Bd4 Rg6 29. f5 Rg5 30. fxe6 f5 31. Rf3 f4 32. Rxf4 Qxe6 33. Rf5 1-0

[Event "47th GRE-chT 2019"]
[Site "Patra"]
[Date "2019.07.04"]
[Round "4.38"]
[White "Giannoulakis, Lampros"]
[Black "Papadopoulos, Argirios"]
[Result "1-0"]
[ECO "E43"]
[WhiteElo "2305"]
[BlackElo "2222"]
[Annotator "NA"]
[PlyCount "107"]
[EventDate "2019.07.02"]
[EventCountry "GRE"]
[SourceTitle "playchess.com"]
[Source "ChessBase"]
[SourceQuality "1"]
[TimeControl "5400+30"]

1. d4 Nf6 2. c4 e6 3. Nc3 Bb4 4. e3 b6 5. Bd3 Bxc3+ 6. bxc3 Bb7 7. f3 d6 8. Ne2 O-O 9. O-O Nbd7 10. e4 e5 11. Ng3 Re8 12. Bg5 h6 13. Be3 Nf8 14. Qd2 Ng6 15. Rae1 c5 16. d5 Bc8 17. Re2 Nd7 18. Nf5 Ndf8 19. g4 Bxf5 20. gxf5 Nf4 21. Bxf4 exf4 22. Qxf4 Qg5+ 23. Qxg5 hxg5 24. Rg2 f6 25. Bc2 Re7 26. Ba4 Nd7 27. Bxd7 Rxd7 28. Rb1 Rb7 29. Rgb2 Rab8 30. Kg2 Kh7 31. Kg3 Kg8 32. a4 Kf7 33. a5 Ke7 34. h4 gxh4+ 35. Kxh4 Kf7 36. Kg4 Kg8 37. Kf4 Kf7 38. Ke3 Kg8 39. Kd3 Kf7 40. Kd2 Ke7 41. Ke3 Kf7 42. Kd3 Kf8 43. f4 Ke7 44. e5 fxe5 45. fxe5 dxe5 46. Ke4 Kd6 47. Rg1 Rf7 48. axb6 axb6 49. Rg6+ Rf6 50. Rxg7 Rh6 51. Rg6+ Rxg6 52. fxg6 Rh8 53. g7 Rg8 54. Rxb6+ {[%emt 0:00:53] Kxd5+} 1-0

[Event "47th GRE-chT 2019"]
[Site "Patra"]
[Date "2019.07.04"]
[Round "4.39"]
[White "Patrelakis, Evaggelos"]
[Black "Gavriilidis, Orestis"]
[Result "1-0"]
[ECO "B36"]
[WhiteElo "2209"]
[BlackElo "1906"]
[Annotator "NA"]
[PlyCount "90"]
[EventDate "2019.07.02"]
[EventCountry "GRE"]
[SourceTitle "playchess.com"]
[Source "ChessBase"]
[SourceQuality "1"]
[TimeControl "5400+30"]

1. e4 c5 2. Nf3 Nc6 3. d4 cxd4 4. Nxd4 g6 5. c4 Nf6 6. Nc3 Nxd4 7. Qxd4 d6 8. Be3 Bg7 9. f3 O-O 10. Qd2 a5 11. b3 a4 12. b4 Be6 13. Rc1 Nd7 14. Be2 Rc8 15. Nxa4 Ne5 16. Nb6 Rc6 17. Nd5 Bxd5 18. exd5 Ra6 19. O-O Qa8 20. Rc2 Ra3 21. f4 Nd7 22. c5 Qa4 23. Bf2 Rc8 24. Rfc1 dxc5 25. bxc5 Nf6 26. Bf3 Rd8 27. d6 Rxf3 28. gxf3 Qc6 29. Qa5 Re8 30. Qa3 Nd5 31. Rc4 Bh6 32. Qa4 Nxf4 33. Qxc6 bxc6 34. Re1 Nd5 35. a4 Bd2 36. Re2 Bg5 37. Bh4 Bxh4 38. Rxh4 e5 39. Rxe5 Ra8 40. d7 Nf6 41. Rd4 Rd8 42. a5 Rxd7 43. Rdd5 Rd6 44. Rxd6 Nd7 45. Rde6 Kg7 1-0

[Event "47th GRE-chT 2019"]
[Site "Patra"]
[Date "2019.07.04"]
[Round "4.40"]
[White "Kapia, Aggeliki"]
[Black "Antonioudakis, Georgios"]
[Result "0-1"]
[ECO "B07"]
[WhiteElo "1168"]
[BlackElo "1385"]
[Annotator "NA"]
[PlyCount "62"]
[EventDate "2019.07.02"]
[EventCountry "GRE"]
[SourceTitle "playchess.com"]
[Source "ChessBase"]
[SourceQuality "1"]
[TimeControl "5400+30"]

1. d4 Nf6 2. Nf3 g6 3. g3 Bg7 4. Bg2 O-O 5. O-O d6 6. Nc3 Nbd7 7. e4 c5 8. Re1 cxd4 9. Nxd4 Nc5 10. Bg5 Qb6 11. Nb3 Be6 12. Nd5 Bxd5 13. exd5 Nxb3 14. axb3 Rfe8 15. Be3 Qc7 16. Bd4 a6 17. c4 Rac8 18. Bh3 Rb8 19. Qd2 b5 20. Rec1 bxc4 21. bxc4 Ne4 22. Qe3 Bxd4 23. Qxd4 Nc5 24. Rc3 Nb3 25. Rxb3 Rxb3 26. Rxa6 Qb8 27. Bd7 Rd8 28. Bb5 Rc8 29. Kg2 Qb7 30. Ra7 e5 31. Qxe5 Qxa7 0-1

[Event "47th GRE-chT 2019"]
[Site "Patra"]
[Date "2019.07.05"]
[Round "5.1"]
[White "Cheparinov, Ivan"]
[Black "Saric, Ivan"]
[Result "1/2-1/2"]
[ECO "B94"]
[WhiteElo "2666"]
[BlackElo "2681"]
[Annotator "ChessBase"]
[PlyCount "72"]
[EventDate "2019.07.02"]
[EventCountry "GRE"]
[SourceTitle "playchess.com"]
[Source "ChessBase"]
[SourceQuality "1"]
[TimeControl "5400+30"]

1. e4 c5 2. Nf3 d6 3. d4 cxd4 4. Nxd4 Nf6 5. Nc3 a6 6. Bg5 Nbd7 7. Bc4 Qb6 8. Bb3 e6 9. Qd2 Be7 10. O-O-O Nc5 11. f3 Bd7 12. g4 Qc7 13. a3 b5 14. Ba2 Qb7 15. b4 Na4 16. Nxa4 bxa4 17. Kb2 a5 18. c3 O-O 19. h4 Rfc8 20. Rc1 Bb5 21. c4 Be8 22. b5 h6 23. Be3 d5 24. g5 dxc4 25. gxf6 Bxf6 26. Qc3 Rc5 27. Ka1 Rd8 28. Rhd1 Rxb5 29. Rd2 Rh5 30. Bf2 Qb8 31. Rcd1 Rb5 32. Be3 Qb7 33. Rg1 Kh8 34. Rdg2 Qb6 35. Rd2 Qb7 36. Rdg2 Qb6 1/2-1/2

[Event "47th GRE-chT 2019"]
[Site "Patra"]
[Date "2019.07.05"]
[Round "5.1"]
[White "Banikas, Hristos"]
[Black "Macieja, Bartlomiej"]
[Result "0-1"]
[ECO "E10"]
[WhiteElo "2601"]
[BlackElo "2500"]
[Annotator "RC"]
[PlyCount "114"]
[EventDate "2019.07.02"]
[EventCountry "GRE"]
[SourceTitle "playchess.com"]
[Source "ChessBase"]
[SourceQuality "1"]
[TimeControl "5400+30"]

1. d4 Nf6 2. c4 e6 3. Nf3 d5 4. g3 Bb4+ 5. Bd2 Be7 6. Bg2 c6 7. Qc2 O-O 8. O-O Nbd7 9. Rd1 b6 10. Bf4 Bb7 11. Ne5 Nh5 12. Bd2 Nhf6 13. cxd5 cxd5 14. Nc6 Bxc6 15. Qxc6 Rc8 16. Qb5 Ne8 17. e3 Nd6 18. Qe2 f5 19. Be1 Nf6 20. Nc3 g5 21. Rdc1 g4 22. Rc2 Nfe4 23. Rac1 Qd7 24. Qa6 Nxc3 25. Rxc3 Rxc3 26. Rxc3 Rc8 27. Rxc8+ Nxc8 28. Bf1 Qc7 29. a4 Kf7 30. a5 Nd6 31. axb6 axb6 32. Bc3 h5 33. Qa8 Qc8 34. Qa7 Qb7 35. Qa4 h4 36. gxh4 Bxh4 37. h3 Ne4 38. Be1 Ng5 39. Bg2 gxh3 40. Bh1 Qc7 41. Qd1 Kg6 42. f4 Bxe1 43. Qxe1 Nh7 44. Bf3 Nf6 45. Kh2 Qc2+ 46. Kxh3 Qxb2 47. Qg1+ Kf7 48. Kh4 Qc2 49. Kg5 Qc8 50. Qb1 Qg8+ 51. Kh4 Ne4 52. Qe1 Qh7+ 53. Bh5+ Kf6 54. Qg1 b5 55. Qe1 b4 56. Qc1 Qg8 57. Qe1 Qg2 0-1

[Event "47th GRE-chT 2019"]
[Site "Patra"]
[Date "2019.07.05"]
[Round "5.2"]
[White "Pavlidis, Antonios"]
[Black "Safarli, Eltaj"]
[Result "1/2-1/2"]
[ECO "C61"]
[WhiteElo "2549"]
[BlackElo "2608"]
[Annotator "RC"]
[PlyCount "63"]
[EventDate "2019.07.02"]
[EventCountry "GRE"]
[SourceTitle "playchess.com"]
[Source "ChessBase"]
[SourceQuality "1"]
[TimeControl "5400+30"]

1. e4 e5 2. Nf3 Nc6 3. Bb5 Nd4 4. Nxd4 exd4 5. O-O Bc5 6. d3 c6 7. Bc4 d5 8. exd5 cxd5 9. Bb5+ Bd7 10. Bxd7+ Qxd7 11. Bg5 f6 12. Bd2 Ne7 13. c4 dxc3 14. Nxc3 O-O 15. Qb3 Bd4 16. Be3 Bxc3 17. bxc3 Rfe8 18. Rfe1 Nf5 19. a4 Re7 20. Bc5 Rxe1+ 21. Rxe1 b6 22. Be3 Re8 23. Qb4 Re5 24. a5 bxa5 25. Qxa5 d4 26. Qa2+ Qe6 27. Qxe6+ Rxe6 28. cxd4 Nxd4 29. Ra1 Nc2 30. Rxa7 Nxe3 31. fxe3 Rxe3 32. Rd7 1/2-1/2

[Event "47th GRE-chT 2019"]
[Site "Patra"]
[Date "2019.07.05"]
[Round "5.2"]
[White "Mihailidis, Anastasios"]
[Black "Shoker, Samy"]
[Result "0-1"]
[ECO "B07"]
[WhiteElo "2270"]
[BlackElo "2496"]
[Annotator "RC"]
[PlyCount "62"]
[EventDate "2019.07.02"]
[EventCountry "GRE"]
[SourceTitle "playchess.com"]
[Source "ChessBase"]
[SourceQuality "1"]
[TimeControl "5400+30"]

1. d4 Nf6 2. Nc3 d6 3. e4 g6 4. Bc4 Bg7 5. Qe2 Nc6 6. Nf3 Bg4 7. Be3 e5 8. dxe5 Nxe5 9. Bb3 O-O 10. h3 Nxf3+ 11. gxf3 Bh5 12. Bg5 Qe8 13. Qe3 Nd7 14. Nd5 Qe5 15. c3 Bxf3 16. Qxf3 Qxg5 17. h4 Qe5 18. h5 c6 19. Ne3 Nf6 20. hxg6 hxg6 21. O-O-O Qxe4 22. Qg3 d5 23. Bc2 Qe6 24. Rdg1 Ne4 25. Qh4 Rfe8 26. f3 Ng3 27. Rxg3 Qxe3+ 28. Kb1 Qf2 29. a3 Re2 30. Rc1 Rae8 31. Qh3 Re1 0-1

[Event "47th GRE-chT 2019"]
[Site "Patra"]
[Date "2019.07.05"]
[Round "5.3"]
[White "Halkias, Stelios"]
[Black "Sandalakis, Angelos"]
[Result "1-0"]
[ECO "A13"]
[WhiteElo "2553"]
[BlackElo "2429"]
[Annotator "RC"]
[PlyCount "59"]
[EventDate "2019.07.02"]
[EventCountry "GRE"]
[SourceTitle "playchess.com"]
[Source "ChessBase"]
[SourceQuality "1"]
[TimeControl "5400+30"]

1. Nf3 Nf6 2. c4 e6 3. g3 d5 4. Bg2 d4 5. e3 c5 6. exd4 cxd4 7. O-O Nc6 8. d3 Bd6 9. Bg5 h6 10. Bxf6 Qxf6 11. Nbd2 Qe7 12. a3 a5 13. Ne4 Bc7 14. c5 O-O 15. Nfd2 e5 16. Nc4 a4 17. Ned6 Bxd6 18. cxd6 Qd8 19. Qh5 Be6 20. Bxc6 bxc6 21. Qxe5 Qf6 22. Qxf6 gxf6 23. Rac1 Rfd8 24. Rfe1 Rab8 25. Re2 Rb3 26. Na5 Rxd3 27. Nb7 Rb8 28. Nc5 Bg4 29. Re4 Bf3 30. Rf4 1-0

[Event "47th GRE-chT 2019"]
[Site "Patra"]
[Date "2019.07.05"]
[Round "5.3"]
[White "Ergazakis, Ioannis"]
[Black "Fragkos, Vasilios"]
[Result "1/2-1/2"]
[ECO "B30"]
[WhiteElo "2281"]
[BlackElo "2044"]
[Annotator "NA RC"]
[PlyCount "79"]
[EventDate "2019.07.02"]
[EventCountry "GRE"]
[SourceTitle "playchess.com"]
[Source "ChessBase"]
[SourceQuality "1"]
[TimeControl "5400+30"]

1. e4 c5 2. Nf3 Nc6 3. Nc3 e5 4. Bc4 d6 5. d3 Be7 6. Nd2 Nf6 7. Nf1 Bg4 8. f3 Be6 9. Ne3 O-O 10. O-O a6 11. a4 Nb4 12. a5 Nc6 13. Bxe6 fxe6 14. Nc4 Qc7 15. f4 d5 16. exd5 exd5 17. Nxe5 Nxe5 18. fxe5 Qxe5 19. Bf4 Qe6 20. Qf3 Rae8 21. Rae1 Qc6 22. Be5 Rd8 23. Qh3 Qd7 24. Qxd7 Rxd7 25. Na4 c4 26. Nb6 Bc5+ 27. d4 Bxb6 28. axb6 Ne4 29. Rxf8+ Kxf8 30. Bc7 Rf7 31. Ra1 Ke7 32. b3 c3 33. Re1 Kd7 34. Re2 Kc6 35. h4 Kb5 36. Re1 Kb4 37. Ra1 Kb5 38. Re1 Kb4 39. Ra1 Kb5 40. Re1 1/2-1/2

[Event "47th GRE-chT 2019"]
[Site "Patra"]
[Date "2019.07.05"]
[Round "5.4"]
[White "Kanakaris, Georgios"]
[Black "Georgiadis, Ioannis"]
[Result "1/2-1/2"]
[ECO "E16"]
[WhiteElo "2409"]
[BlackElo "2476"]
[Annotator "RC"]
[PlyCount "70"]
[EventDate "2019.07.02"]
[EventCountry "GRE"]
[SourceTitle "playchess.com"]
[Source "ChessBase"]
[SourceQuality "1"]
[TimeControl "5400+30"]

1. d4 Nf6 2. c4 e6 3. Nf3 b6 4. g3 Bb7 5. Bg2 g6 6. O-O Bg7 7. Nc3 Ne4 8. Qc2 Nxc3 9. Qxc3 O-O 10. Bg5 f6 11. Be3 Qe7 12. Rfd1 d6 13. Rac1 c5 14. Qd2 Na6 15. Bh6 Rfd8 16. Bxg7 Kxg7 17. Qe3 Nc7 18. Nh4 Bxg2 19. Nxg2 e5 20. dxe5 dxe5 21. f4 e4 22. f5 Qe5 23. fxg6 hxg6 24. Qf4 Qxf4 25. gxf4 Kf7 26. Ne3 Ne6 27. Rxd8 Rxd8 28. Nd5 Nd4 29. Kf2 Rh8 30. Kg2 Nxe2 31. Re1 Nd4 32. Rxe4 Nf5 33. Re1 Rd8 34. a4 Rd6 35. Kf2 Re6 1/2-1/2

[Event "47th GRE-chT 2019"]
[Site "Patra"]
[Date "2019.07.05"]
[Round "5.4"]
[White "Korlotsidis, Spiridon"]
[Black "Mavrikakis, Georgios"]
[Result "0-1"]
[ECO "A04"]
[WhiteElo "2055"]
[BlackElo "2022"]
[Annotator "NA RC"]
[PlyCount "86"]
[EventDate "2019.07.02"]
[EventCountry "GRE"]
[SourceTitle "playchess.com"]
[Source "ChessBase"]
[SourceQuality "1"]
[TimeControl "5400+30"]

1. Nf3 f5 2. g3 Nf6 3. Bg2 g6 4. b3 Bg7 5. Bb2 d6 6. d4 O-O 7. O-O a5 8. c4 e6 9. Nc3 Na6 10. a3 Rb8 11. Rc1 b6 12. e3 Qe7 13. Qe2 Bb7 14. Nd2 Bxg2 15. Kxg2 c5 16. Nb5 e5 17. dxe5 dxe5 18. f3 Nc7 19. Nxc7 Qxc7 20. Rfd1 Bh6 21. Nb1 Rbe8 22. Rc2 f4 23. e4 Rd8 24. Nc3 Ng4 25. Bc1 Qf7 26. Rxd8 Rxd8 27. fxg4 Rf8 28. Qf3 a4 29. Nd5 axb3 30. Rb2 b5 31. Rxb3 bxc4 32. Rc3 Qb7 33. Rxc4 Qa6 34. Rc2 fxg3 35. Ne7+ Kh8 36. Bxh6 Rxf3 37. Kxf3 Qd3+ 38. Be3 Qxc2 39. hxg3 Qd1+ 40. Kf2 Qxg4 41. Bxc5 Qxe4 42. Bb4 h5 43. Bd6 Qd4+ 0-1

[Event "47th GRE-chT 2019"]
[Site "Patra"]
[Date "2019.07.05"]
[Round "5.5"]
[White "Szczepkowska, Karina"]
[Black "Michna, Marta"]
[Result "1/2-1/2"]
[ECO "E94"]
[WhiteElo "2425"]
[BlackElo "2358"]
[Annotator "RC"]
[PlyCount "56"]
[EventDate "2019.07.02"]
[EventCountry "GRE"]
[SourceTitle "playchess.com"]
[Source "ChessBase"]
[SourceQuality "1"]
[TimeControl "5400+30"]

1. d4 Nf6 2. c4 d6 3. Nf3 Nbd7 4. Nc3 e5 5. e4 g6 6. Be2 Bg7 7. O-O O-O 8. Qc2 c6 9. d5 c5 10. a3 Nh5 11. Re1 h6 12. g3 b6 13. Rb1 Ndf6 14. b4 Nh7 15. Bd2 Qe8 16. bxc5 bxc5 17. Nb5 Qe7 18. Ba5 a6 19. Nc3 f5 20. Rb6 f4 21. Reb1 g5 22. Nd1 N5f6 23. Rc6 Ne8 24. Rcb6 Nef6 25. Rc6 Ne8 26. Rcb6 Nef6 27. Rc6 Ne8 28. Rcb6 Nef6 1/2-1/2

[Event "47th GRE-chT 2019"]
[Site "Patra"]
[Date "2019.07.05"]
[Round "5.5"]
[White "Botsari, Anna-Maria"]
[Black "Paehtz, Elisabeth"]
[Result "0-1"]
[ECO "A30"]
[WhiteElo "2233"]
[BlackElo "2473"]
[Annotator "RC"]
[PlyCount "69"]
[EventDate "2019.07.02"]
[EventCountry "GRE"]
[SourceTitle "playchess.com"]
[Source "ChessBase"]
[SourceQuality "1"]
[TimeControl "5400+30"]

1. d4 Nf6 2. c4 e6 3. g3 c5 4. Nf3 cxd4 5. Nxd4 Qc7 6. Nc3 a6 7. Bg2 Qxc4 8. O-O Qc7 9. e4 Nc6 10. Be3 Be7 11. Rc1 O-O 12. Na4 Re8 13. Nb6 Rb8 14. a3 Bf8 15. Re1 e5 16. Nf5 g6 17. Nh4 Qd8 18. Nd5 Nxd5 19. exd5 Ne7 20. d6 Nc6 21. Nf3 Qf6 22. Ng5 h6 23. Ne4 Qe6 24. Rc2 f5 25. Ng5 Qf6 26. Bd5+ Kg7 27. Nf7 Kh7 28. h4 Bg7 29. Qd2 Re6 30. Bxe6 Qxe6 31. Nxh6 b5 32. g4 fxg4 33. Bg5 Bb7 34. Rc3 Nd4 35. h5 0-1

[Event "47th GRE-chT 2019"]
[Site "Patra"]
[Date "2019.07.05"]
[Round "5.6"]
[White "Tsolakidou, Stavroula"]
[Black "Avramidou, Anastasia"]
[Result "1/2-1/2"]
[ECO "B52"]
[WhiteElo "2423"]
[BlackElo "2260"]
[Annotator "NA RC"]
[PlyCount "96"]
[EventDate "2019.07.02"]
[EventCountry "GRE"]
[SourceTitle "playchess.com"]
[Source "ChessBase"]
[SourceQuality "1"]
[TimeControl "5400+30"]

1. e4 c5 2. Nf3 d6 3. Bb5+ Bd7 4. Bxd7+ Qxd7 5. O-O Nf6 6. Re1 Nc6 7. c3 e6 8. d3 Be7 9. Nbd2 O-O 10. Nf1 d5 11. Qe2 d4 12. e5 Nd5 13. c4 Nc7 14. Ng3 f5 15. exf6 Bxf6 16. Bd2 Rae8 17. Qe4 e5 18. a3 a5 19. Rab1 Kh8 20. Nh5 Qf7 21. Qg4 b5 22. cxb5 Nxb5 23. Rbc1 Qd5 24. Ng5 Nd6 25. Nxf6 gxf6 26. Qf3 Qxf3 27. Nxf3 c4 28. dxc4 e4 29. Nh4 Ne5 30. c5 Ndc4 31. Bh6 Rg8 32. Rxe4 d3 33. Kf1 d2 34. Rd1 Nd3 35. Rxe8 Rxe8 36. Nf3 Ndxb2 37. Nxd2 Nxd1 38. Nxc4 Rc8 39. Nxa5 Rxc5 40. Bd2 Nc3 41. Nb7 Rc7 42. Nd6 Nb1 43. Bb4 Rc2 44. g3 Nc3 45. Ke1 Re2+ 46. Kf1 Rc2 47. Ke1 Re2+ 48. Kf1 Rc2 1/2-1/2